 Dungeon Crawl Stone Soup version 0.29.1-15-g9cfb28693d (webtiles) character file.

Game seed: 3585775619334230380

286 croobank the Firebug (level 6, -1/44 HPs)
             Began as a Demonspawn Fire Elementalist on Mar 22, 2023.
             Killed by divine providence
             ... invoked by an orc priest
              (12 damage)
             ... on level 4 of the Dungeon.
             The game lasted 00:12:03 (4505 turns).

croobank the Firebug (Demonspawn Fire Elementalist) Turns: 4505, Time: 00:12:03

Health: -1/44      AC:  6    Str:  9    XL:     6   Next: 8%
Magic:  7/10       EV: 12    Int: 18    God:
Gold:   141        SH:  0    Dex: 13    Spells: 5/10 levels left

rFire   . . .      SeeInvis .   q - +0 short sword (speed)
rCold   . . .      Faith    .   (no shield)
rNeg    . . .      Spirit   .   a - +0 robe
rPois   .          Reflect  .   (no helmet)
rElec   .          Harm     .   (no cloak)
rCorr   .          Rampage  .   (no gloves)
Will    .....                   h - +2 pair of boots
Stlth   ++........              (no amulet)
HPRegen 0.14/turn               (no ring)
MPRegen 0.12/turn               (no ring)

@: no status effects
A: powered by pain 1, sharp scales 1, demonic touch 2
a: no special abilities


You were on level 4 of the Dungeon.
You visited 1 branch of the dungeon, and saw 4 of its levels.

You collected 141 gold pieces.

Inventory:

Hand Weapons
 b - a +0 spear
 c - a +0 vampiric halberd
 q - a +0 short sword of speed (weapon)
Missiles
 f - a throwing net (quivered)
Armour
 a - a +0 robe (worn)
 h - a +2 pair of boots (worn)
Magical Staves
 e - a staff of conjuration
 i - a staff of cold
 s - a staff of poison
Scrolls
 r - a scroll of vulnerability {unknown}
Potions
 d - a potion of curing
 j - a potion of cancellation {unknown}
 k - a potion of flight {unknown}
 o - a potion of mutation {unknown}
 p - a potion of heal wounds {unknown}


   Skills:
 + Level 2.0 Fighting
 + Level 2.9 Dodging
 + Level 3.0 Stealth
 + Level 2.9 Spellcasting
 + Level 2.6 Conjurations
 + Level 3.4 Fire Magic


You had 5 spell levels left.
You knew the following spells:

 Your Spells              Type           Power      Damage    Failure   Level
a - Foxfire               Conj/Fire      52%        2x1d6     4%          1
b - Scorch                Fire           30%        2d7       6%          2
c - Searing Ray           Conj           24%        2d5       9%          2

Your spell library contained the following spells:

 Spells                   Type           Power      Damage    Failure   Level
 Magic Dart               Conj           48%        1d5       5%          1
 Conjure Flame            Conj/Fire      13%        6-21      14%         3
 Inner Flame              Hex/Fire       8%         N/A       24%         3
 Ensorcelled Hibernation  Hex/Ice        4%         N/A       26%         2
 Flame Wave               Conj/Fire      13%        2d6       43%         4
 Call Canine Familiar     Summ           2%         N/A       45%         3
 Portal Projectile        Hex/Tloc       4%         N/A       45%         3
 Spider Form              Tmut/Pois      2%         N/A       45%         3
 Fulminant Prism          Conj/Hex       3%         3d6       67%         4
 Anguish                  Hex/Necr       1%         N/A       86%         4
 Leda's Liquefaction      Hex/Erth       1%         N/A       86%         4


Dungeon Overview and Level Annotations

Branches:
Dungeon (4/15)
 Temple: D:4-7

Altars:

Shops:
D:2 [

Portals:
Ossuary: D:4


Innate Abilities, Weirdness & Mutations

You sometimes gain a little power by taking damage.
You are partially covered in razor-sharp scales. (AC +1, Slay +1)
Your touch may inflict irresistible damage on your foes.


Message History

Okay, then.
The ogre hits you with a +0 giant spiked club!
* * * LOW HITPOINT WARNING * * *
Okay, then.
Okay, then.
Throw: throwing net
Press: ? - help, Q - select action, (/) - cycle Shift-Dir - straight line, f - ogre
Aim: an ogre, wielding a +0 giant spiked club (73% to hit)
You throw a throwing net. The throwing net hits the ogre.
The ogre is caught in the net!
You puncture the ogre!
The ogre is moderately wounded.
The ogre struggles against the net.
You puncture the ogre!
The ogre is heavily wounded.
The ogre struggles against the net.
You hit the ogre.
You touch the ogre!
You kill the ogre!
Your Fighting skill increases to level 2!
Your Stealth skill increases to level 3!
You have reached level 6!
Your demonic ancestry asserts itself...
You feel energised by your suffering.
f - a throwing net You see here a +0 giant spiked club.
There is a stone staircase leading down here.
You hear the hiss of an avalanche of sand very nearby.
You feel a little less mighty now.
You see here an iguana skeleton.
An orc and an orc wizard come into view.
An orc priest comes into view. It is wielding a +0 short sword.
The orc shouts!
The orc wizard shouts!
An endoplasm comes into view.
The endoplasm moves out of view.
Found an escape hatch in the ceiling.
There is a sand-covered staircase here.
The orc priest shouts!
The orc priest invokes the aid of Beogh against you.
Beogh smites you!
You die...

###.# #..........# #.#
#.o#<# #.# #..#.#
###.####### #..#.#
........รท.###.o#.#####
#.....###............#
#.....# #####......#.#
......# #...o..#<#.#
#.....# #...@....J..
#.....# #..........#
###.### ##.....##### #.
#.#.### #. #.#.# #....
....## # ###


You could see an orc priest, an orc wizard, an orc and an endoplasm (wandering).

Vanquished Creatures
  An ogre (D:4)
  Terence (D:3)
  An iguana (D:4)
  4 gnolls
  3 adders
  A worm (D:2)
  2 dart slugs (D:4)
  4 bats
  4 endoplasms
  4 giant cockroaches
  7 goblins
  6 hobgoblins
  9 jackals
  4 quokkas
  6 ball pythons
  2 frilled lizards (D:1)
  10 kobolds
  4 rats
73 creatures vanquished.

Vanquished Creatures (others)
  128 foxfires
128 creatures vanquished.

Grand Total: 201 creatures vanquished

Notes
Turn   | Place    | Note
-------+----------+-------------------------------------------
     0 | D:1      | croobank the Demonspawn Fire Elementalist began the quest
                  | for the Orb.
     0 | D:1      | Reached XP level 1. HP: 13/13 MP: 3/3
   361 | D:1      | Gained mutation: Your touch may inflict minor irresistible
                  | damage on your foes. [demonic ancestry]
   361 | D:1      | Reached XP level 2. HP: 19/19 MP: 0/5
   367 | D:1      | Learned a level 2 spell: Scorch
   902 | D:1      | Learned a level 2 spell: Searing Ray
  1046 | D:1      | Gained mutation: You are partially covered in razor-sharp
                  | scales. (AC +1, Slay +1) [demonic ancestry]
  1046 | D:1      | Reached XP level 3. HP: 25/25 MP: 2/6
  1265 | D:1      | Found a faded altar of an unknown god.
  1988 | D:2      | Reached skill level 1 in Fighting
  2136 | D:2      | Found Luhad's Armour Shop.
  2321 | D:2      | Reached XP level 4. HP: 32/32 MP: 4/7
  2992 | D:3      | Noticed Terence
  2997 | D:3      | Killed Terence
  4126 | D:4      | Found a sand-covered staircase.
  4153 | D:4      | Noticed an ogre
  4165 | D:4      | Gained mutation: Your touch may inflict irresistible damage
                  | on your foes. [demonic ancestry]
  4165 | D:4      | Reached XP level 5. HP: 33/37 MP: 1/8
  4480 | D:4      | Killed an ogre
  4481 | D:4      | Gained mutation: You sometimes gain a little power by
                  | taking damage. [demonic ancestry]
  4481 | D:4      | Reached XP level 6. HP: 7/44 MP: 4/10
  4505 | D:4      | Killed from afar by an orc priest

Illustrated notes

Levels and vault maps discovered:
D:1:      evilmike_arrival_rings, layout_loops_ring,
          shapermc_ecumenical_altar_totnotflames
D:2:      layout_basic, serial_shops, shop, kennysheep_generic_room_3
D:3:      layout_basic, uniq_terence
D:4:      gammafunk_steamed_eel, layout_loops_ring,
          mainiacjoe_overflow_divided_tiny, enter_ossuary_1

Skill      XL: |  1  2  3  4  5 |
---------------+----------------+-----
Stealth        | 2 3 |  3.0
Dodging        | 2 |  2.9
Fighting       | 1 2 |  2.0
Fire Magic     | 3 |  3.4
Conjurations   | 2 |  2.6
Spellcasting   | |  2.9

Action                   |  1- 3 |  4- 6 || total
-------------------------+-------+-------++-------
Melee: Short sword       |     5 |    23 ||    28
       Touch             |     3 |     6 ||     9
       Staff             |    15 |     7 ||    22
Throw: Throwing net      |       |     4 ||     4
 Cast: Foxfire           |    46 |    35 ||    81
       Scorch            |    14 |    18 ||    32
       Searing Ray       |     4 |       ||     4
  Use: Potion            |     1 |     3 ||     4
       Scroll            |       |     4 ||     4
 Stab: Sleeping          |       |     1 ||     1
       Held in net/web   |       |     1 ||     1
Armor: Robe              |     9 |    14 ||    23
Dodge: Dodged            |    26 |    27 ||    53
